 Dungeon Crawl Stone Soup version 0.28.0-53-g5a82cb258f (webtiles) character file.

Game seed: 10717016197704424727

37 ILmort the Chopper (level 3, -1/33 HPs)
             Began as a Hill Orc Monk on Aug 20, 2022.
             Slain by Natasha (5 damage)
             ... on level 2 of the Dungeon.
             The game lasted 00:03:03 (1314 turns).

ILmort the Chopper (Hill Orc Monk)                  Turns: 1314, Time: 00:03:03

Health: -1/33      AC: 10    Str: 15    XL:     3   Next: 41%
Magic:  3/3        EV:  4    Int: 10    God:
Gold:   52         SH:  0    Dex: 13    Spells: 2/2 levels left

rFire   . . .      SeeInvis .   a - +0 hand axe
rCold   . . .      Faith    .   (no shield)
rNeg    . . .      Spirit   .   c - +0 plate armour
rPois   .          Reflect  .   (no helmet)
rElec   .          Harm     .   (no cloak)
rCorr   .          Rampage  .   (no gloves)
Will    .....                   (no boots)
Stlth   ..........              (no amulet)
HPRegen 0.11/turn               (no ring)
MPRegen 0.08/turn               (no ring)

@: no status effects
A: no striking features
a: no special abilities


You were on level 2 of the Dungeon.
You visited 1 branch of the dungeon, and saw 2 of its levels.

You collected 52 gold pieces.

Inventory:

Hand Weapons
 a - a +0 hand axe (weapon)
 e - a +0 spear
Missiles
 g - a throwing net (quivered)
Armour
 b - a +0 robe
 c - a +0 plate armour (worn)
Scrolls
 f - 3 scrolls of identify {unknown}
Potions
 d - 5 potions of curing {unknown}


   Skills:
 + Level 4.2 Fighting
 * Level 5.3 Axes
 - Level 2.4 Dodging
 - Level 1.5 Stealth


You had 2 spell levels left.
You didn't know any spells.
Your spell library was empty.

Dungeon Overview and Level Annotations

Branches:
Dungeon (2/15)

Altars:

Annotations:
D:2 Natasha


Message History

You barely miss the bat. The bat hits you but does no damage.
You hit the bat but do no damage. The bat hits you but does no damage.
The bat hits you but does no damage. The bat hits you but does no damage.
The bat hits you but does no damage. The bat barely misses you.
The bat hits you but does no damage. x2
There is a stone staircase leading down here.
Natasha and a rat come into view.
Natasha hisses angrily.
The bat hits you but does no damage.
Natasha moves out of view.
You hit the bat. The bat hits you but does no damage.
The bat hits you but does no damage. The bat hits you but does no damage. x2
You closely miss the bat. The bat hits you but does no damage.
You hit the bat.
You kill the bat!
Natasha mewls in sadness.
Natasha drinks a potion.
Natasha seems to grow stronger.
Natasha claws you.
You closely miss Natasha. Natasha casts a spell at you.
The magic dart hits you.
You hit Natasha but do no damage. Natasha claws you.
You completely miss Natasha. You hit the rat.
Natasha wildly gestures.
Natasha glows brightly for a moment.
Natasha barely misses you. The rat barely misses you.
You miss Natasha. You hit the rat but do no damage.
Natasha extends her claws.
Natasha claws you. The rat bites you.
You hit Natasha. You hit the rat.
You kill the rat!
Natasha claws you. Natasha claws you!
* * * LOW HITPOINT WARNING * * *
You hit Natasha.
Natasha wildly gestures.
You feel disoriented. Natasha claws you.
You die...

.........####........
.......#.####........
...)...#.....#####.#.
........####...# ...
.......!..$....# ##
#.....#..$...#
##...........#
#......>...###
#.....†@.?..#
#.......h.#.....
#...$<....###.##
#.........# ...
.....$..#.... ##
........#.###h
........#.# .
......###.#


You could see Natasha (strong).

Vanquished Creatures
  2 dart slugs (D:1)
  A bat (D:2)
  3 endoplasms (D:1)
  3 hobgoblins
  3 jackals (D:1)
  3 kobolds (D:1)
  3 ball pythons
  3 frilled lizards (D:1)
  5 goblins (D:1)
  5 rats
31 creatures vanquished.

Vanquished Creatures (others)
  A gnoll (D:1)
  A rat (D:1)
2 creatures vanquished.

Grand Total: 33 creatures vanquished

Notes
Turn   | Place    | Note
-------+----------+-------------------------------------------
     0 | D:1      | ILmort the Hill Orc Monk began the quest for the Orb.
     0 | D:1      | Reached XP level 1. HP: 19/19 MP: 1/1
   267 | D:1      | Reached XP level 2. HP: 25/27 MP: 2/2
   804 | D:1      | Reached skill level 5 in Axes
   870 | D:1      | Reached XP level 3. HP: 33/33 MP: 3/3
  1301 | D:2      | Noticed Natasha
  1314 | D:2      | Slain by Natasha

Illustrated notes

Levels and vault maps discovered:
D:1:      minmay_arrival_diagonal_passages, layout_rooms, minivault_19,
          kennysheep_small_spiral, minivault_27, lemuel_flame_loot_1
D:2:      layout_rooms, shapermc_ecumenical_altar_rom_forum, uniq_natasha

Skill      XL: |  1  2 |
---------------+-------+-----
Fighting       | 4 |  4.2
Axes           | 5 |  5.3
Dodging        | |  2.4
Stealth        | |  1.5

Action                   || total
-------------------------++-------
Melee: Hand axe          ||   100
       Punch             ||     2
Armor: Plate armour      ||    79
Dodge: Dodged            ||    22
